 Dungeon Crawl Stone Soup version 0.28-a0-1567-g1695149f81 (webtiles) character file.

Game seed: 15084131717919344910

2631 buddhastalin the Slicer (level 9, -7/56 HPs)
             Began as a Kobold Brigand on Jan 19, 2022.
             Was a Believer of Okawaru.
             Mangled by a very large slime creature (57 damage)
             ... on level 7 of the Dungeon.
             The game lasted 00:14:46 (7052 turns).

buddhastalin the Slicer (Kobold Brigand)            Turns: 7052, Time: 00:14:47

Health: -7/56      AC: 11    Str:  8    XL:     9   Next: 92%
Magic:  11/11      EV: 17    Int: 16    God:    Okawaru [**....]
Gold:   399        SH:  6    Dex: 23    Spells: 8/8 levels left

rFire   . . .      SeeInvis .   a - +4 short sword (venom)
rCold   . . .      Faith    .   y - +0 buckler
rNeg    . . .      Spirit   .   v - +0 troll leather armour {Pargi}
rPois   .          Reflect  .   (no helmet)
rElec   .          Harm     .   c - +1 cloak
rCorr   .          Rampage  .   q - +0 pair of gloves
Will    .....                   (no boots)
Stlth   +++++.....              (no amulet)
HPRegen 0.98/turn               p - +4 ring of protection
MPRegen 0.12/turn               m - +6 ring of dexterity

@: no status effects
A: small, no large weapons, nightstalker 3
a: Renounce Religion, Heroism


You were on level 7 of the Dungeon.
You worshipped Okawaru.
Okawaru was pleased with you.
You visited 2 branches of the dungeon, and saw 8 of its levels.
You also visited: Sewer.

You collected 399 gold pieces.

Inventory:

Hand Weapons
 a - a +4 short sword of venom (weapon)
 b - a +0 long sword of freezing
Missiles
 d - 25 poisoned darts (quivered)
 e - 2 curare-tipped darts
Armour
 c - a +1 cloak (worn)
 q - a +0 pair of gloves (worn)
 v - a +0 troll leather armour (worn) {Pargi}
 y - a +0 buckler (worn)
Jewellery
 m - a +6 ring of dexterity (right hand)
 p - a +4 ring of protection (left hand)
Wands
 l - a wand of acid (1)
 n - a wand of polymorph (10)
Scrolls
 i - 2 scrolls of identify
 j - a scroll of enchant armour
 w - a scroll of teleportation
 x - a scroll of amnesia
 z - a scroll of enchant weapon
Potions
 f - a potion of lignification
 g - 2 potions of mutation
 h - 2 potions of heal wounds
 k - 2 potions of berserk rage {unknown}
 o - a potion of ambrosia {unknown}
 r - a potion of haste {unknown}
 s - 3 potions of resistance {unknown}
 t - a potion of curing {unknown}
 u - 4 potions of attraction
 A - a potion of invisibility {unknown}


   Skills:
 + Level 6.4 Fighting
 * Level 10.5 Short Blades
 - Level 2.1 Throwing
 - Level 5.6 Dodging
 + Level 9.5 Stealth
 + Level 2.0 Shields
 + Level 3.5 Invocations


You had 8 spell levels left.
You didn't know any spells.
Your spell library contained the following spells:

 Spells                   Type           Power      Damage    Failure   Level
 Shock                    Conj/Air       0%         1d3       50%         1
 Slow                     Hex            0%         N/A       50%         1
 Confusing Touch          Hex            0%         N/A       86%         3
 Portal Projectile        Hex/Tloc       0%         N/A       86%         3
 Swiftness                Air            0%         N/A       86%         3
 Vampiric Draining        Necr           0%         2d6       86%         3
 Airstrike                Air            0%         N/A       99%         4
 Leda's Liquefaction      Hex/Erth       0%         N/A       99%         4
 Storm Form               Tmut/Air       0%         N/A       100%        7
 Maxwell's Capacitive Co  Air            0%         ∞         100%        8
 Call Canine Familiar     Summ           Unusable   N/A       N/A         3
 Summon Lightning Spire   Summ/Air       Unusable   N/A       N/A         4

Dungeon Overview and Level Annotations

Branches:
Dungeon (7/15)             Temple (1/1) D:5           Sewer (visited)

Altars:
Ashenzari
Cheibriados
Elyvilon
Gozag
Kikubaaqudgha
Makhleb
Nemelex Xobeh
Okawaru
Qazlal
Ru
Trog
Uskayaw
Wu Jian
Xom
Zin
The Shining One


Innate Abilities, Weirdness & Mutations

You are small and have problems with some larger weapons.
You are completely attuned to the shadows.


Message History

You completely miss the large slime creature.
The large slime creature is heavily wounded.
Two slime creatures merge to form a very large slime creature.
The very large slime creature looks more healthy.
There is an open door here.
You hit the very large slime creature.
The very large slime creature is moderately wounded.
A very large slime creature splits.
You hit the slime creature.
The slime creature is poisoned.
The slime creature is moderately wounded.
Two slime creatures merge to form a very large slime creature.
You hit the very large slime creature.
The very large slime creature is moderately wounded.
You puncture the very large slime creature!
The very large slime creature looks as sick as possible!
The very large slime creature is moderately wounded.
The very large slime creature completely misses you.
You barely miss the very large slime creature.
The very large slime creature is moderately wounded.
You hit the very large slime creature.
The very large slime creature is heavily wounded.
The very large slime creature hits you.
You puncture the very large slime creature!
The very large slime creature is heavily wounded.
The very large slime creature hits you!!
Things that are here:
a +0 club; a +0 leather armour; a gnoll corpse You see here a +0 spear.
You hit the very large slime creature.
The very large slime creature looks as sick as possible!
The very large slime creature is heavily wounded.
You block the very large slime creature's attack.
You hit the very large slime creature.
The very large slime creature is heavily wounded.
You puncture the very large slime creature!
The very large slime creature looks as sick as possible!
The very large slime creature is severely wounded.
The very large slime creature hits you!!!
Ouch! That really hurt!
You die...

#........#....)#####.......##..
#.............))...........'...
#....###......)#########...#...
#...>+..............# #...#...
#....#####........#.## #...#...
#.................#..# #...#...
#........).).........###...##..
#........)....J.......#######..
#.............@............##..
#....#####.....##......#...##..
#........#.....##......'...##..
##.......'.....##......#'#.##..
#............#............##.#
#............'................
###........###......#.........
#..))....# #......#.........
#...[....# #......##........


You could see a very large slime creature (extremely poisoned).

Vanquished Creatures
  A shadow (D:7)
  Pargi (Sewer)
  3 sky beasts
  A black bear (D:7)
  A hornet zombie (D:6)
  2 necrophages
  2 kobold brigands
  A gnoll sergeant (D:6)
  A bullfrog (D:7)
  A scorpion (D:5)
  A water moccasin zombie (D:6)
  11 killer bees
  3 howler monkeys
  2 bullfrog zombies
  2 orc priests
  3 hounds
  Crazy Yiuf (D:3)
  A gnoll shaman (D:7)
  A bullfrog skeleton (D:4)
  An iguana (D:5)
  4 orc wizards
  A killer bee zombie (D:7)
  3 howler monkey zombies
  7 gnolls
  A howler monkey skeleton (D:7)
  10 adders
  2 white imps
  An ufetubus (D:5)
  A worm (D:2)
  4 dart slugs
  12 orcs
  6 endoplasms
  7 giant cockroaches
  6 goblins
  8 hobgoblins
  5 jackals
  5 quokkas
  2 ball pythons
  6 bats
  2 frilled lizards (D:1)
  15 kobolds
  5 rats
153 creatures vanquished.

Notes
Turn   | Place    | Note
-------+----------+-------------------------------------------
     0 | D:1      | buddhastalin the Kobold Brigand began the quest for the
                  | Orb.
     0 | D:1      | Reached XP level 1. HP: 12/12 MP: 1/1
   483 | D:1      | Reached skill level 3 in Short Blades
   485 | D:1      | Reached XP level 2. HP: 18/18 MP: 2/2
   757 | D:1      | Found a faded altar of an unknown god.
  1157 | D:1      | Reached XP level 3. HP: 18/22 MP: 3/3
  1701 | D:2      | Reached skill level 4 in Short Blades
  1701 | D:2      | Reached XP level 4. HP: 27/27 MP: 4/4
  2666 | D:3      | Found a burning altar of Makhleb.
  2783 | D:3      | Identified the +0 robe of Omission {Regen+}
  2869 | D:3      | Noticed a sky beast
  2873 | D:3      | Killed a sky beast
  2874 | D:3      | Reached skill level 5 in Short Blades
  2874 | D:3      | Reached XP level 5. HP: 32/32 MP: 5/5
  2955 | D:3      | Found a runed translucent door.
  2958 | D:3      | Noticed Crazy Yiuf
  3027 | D:3      | Killed Crazy Yiuf
  3028 | D:3      | Reached XP level 6. HP: 37/37 MP: 6/6
  3781 | D:4      | Found an ancient bone altar of Kikubaaqudgha.
  4115 | D:5      | Entered Level 5 of the Dungeon
  4222 | D:5      | Noticed a sky beast
  4226 | D:5      | Killed a sky beast
  4227 | D:5      | Reached skill level 6 in Short Blades
  4227 | D:5      | Reached XP level 7. HP: 37/43 MP: 7/7
  4411 | D:5      | Reached skill level 7 in Short Blades
  4445 | D:5      | Reached XP level 8. HP: 38/48 MP: 8/8
  4496 | D:5      | Found a glowing drain.
  4513 | Sewer    | Entered a sewer
  4672 | Sewer    | Noticed Pargi
  4684 | Sewer    | Killed Pargi
  4829 | D:5      | Found a staircase to the Ecumenical Temple.
  4844 | D:5      | Reached skill level 8 in Short Blades
  4857 | Temple   | Entered the Ecumenical Temple
  4913 | Temple   | Became a worshipper of Warmaster Okawaru
  4937 | D:5      | Reached skill level 5 in Fighting
  5080 | D:5      | Reached skill level 5 in Dodging
  5282 | D:6      | Reached skill level 1 in Invocations
  5444 | D:6      | Found a broken altar of Ashenzari.
  5623 | D:6      | Reached XP level 9. HP: 54/54 MP: 10/10
  5655 | D:6      | Reached * piety under Okawaru
  5656 | D:6      | Reached skill level 9 in Short Blades
  5763 | D:6      | Found a stormy altar of Qazlal.
  5763 | D:6      | Found a glowing golden altar of the Shining One.
  5783 | D:6      | Found a sacrificial altar of Ru.
  6210 | D:7      | Reached skill level 1 in Shields
  6292 | D:7      | Reached skill level 10 in Short Blades
  6300 | D:7      | Reached ** piety under Okawaru
  6439 | D:7      | Noticed a slime creature
  6440 | D:7      | Noticed a slime creature
  6442 | D:7      | Noticed a slime creature
  7052 | D:7      | Mangled by a very large slime creature

Illustrated notes

Levels and vault maps discovered:
D:1:      psy_arrival_radial01, layout_loops_corners,
          hellmonk_ecumenical_altar_run_dry
D:2:      layout_loops_ring, minmay_misc_feat_rugged, serial_park_tiny_pond
D:3:      layout_basic, bloody_makhleb, uniq_crazy_yiuf_cottage
D:4:      layout_basic, kennysheep_mini, serial_glass, glass_columns_a,
          glass_columns_a, minivault_26
D:5:      layout_cave_pools, minmay_temple_entry_mist, gup_sewer_entry_pipe
D:6:      layout_gridville, nicolae_overflow_quartered_altars,
          chequers_arboretum
D:7:      layout_basic
Temple:   nicolae_temple_great_sept

Skill      XL: |  1  2  3  4  5  6  7  8  9 |
---------------+----------------------------+-----
Short Blades   | 3 4 5 6 7 8 10 | 10.5
Dodging        | 2 3 4 5 |  5.6
Fighting       | 3 4 5 6 |  6.4
Stealth        | 6 7 8 9 |  9.5
Invocations    | 1 3 |  3.5
Shields        | 2 |  2.0
Throwing       | |  2.1

Action                   |  1- 3 |  4- 6 |  7- 9 || total
-------------------------+-------+-------+-------++-------
Melee: Dagger            |    85 |    79 |       ||   164
       Punch             |     4 |     3 |     3 ||    10
       Short sword       |       |     4 |   343 ||   347
Evoke: Wand              |       |       |     7 ||     7
  Use: Scroll            |       |    12 |     2 ||    14
 Stab: Sleeping          |    18 |    19 |    34 ||    71
       Distracted        |       |     1 |       ||     1
Armor: Robe              |     8 |       |       ||     8
       Leather armour    |     9 |    12 |    12 ||    33
       Troll leather arm |       |       |    63 ||    63
Dodge: Dodged            |    35 |    31 |   172 ||   238
Block: Buckler           |       |       |    57 ||    57

Table legend: (Time is in decaauts)
 A = Elapsed time spent in this place.
 B = Non-inter-level travel time spent in this place.
 C = Inter-level travel time spent in this place.
 D = Time resting spent in this place.
 E = Time spent auto-exploring this place.
 F = Levels seen in this place.
 G = Mean time per level.
                   A        B        C        D        E       F      G
               +--------+--------+--------+--------+--------+-----+--------+
         Total |   6922 |   6651 |    271 |   1032 |   4280 |   9 |  769.1 |
       Dungeon |   6658 |   6396 |    262 |    989 |   4144 |   7 |  951.1 |
        Temple |     66 |     57 |      9 |      0 |     42 |   1 |   66.0 |
         Sewer |    197 |    197 |      0 |     43 |     94 |   1 |  197.0 |
               +--------+--------+--------+--------+--------+-----+--------+

Top non-repeatable levels by time:
     D:1: 1380 daAuts
     D:4: 1038 daAuts
     D:2: 947 daAuts
     D:6: 883 daAuts
     D:5: 858 daAuts
     D:7: 835 daAuts
     D:3: 713 daAuts
   Sewer: 197 daAuts
  Temple: 66 daAuts
